ITL
ALLENTOWN HILLBILLIES @ INDIANA HOUNDS
07/31/2029
 
TOP OF THE 1ST
Allentown Hillbillies batting - Pitching for Indiana Hounds : RHP Rob Hill
Pitching: RHP Rob Hill
Batting: RHB Jeff Townsley 0-0: Called Strike
0-1: Foul Ball, location: 2F
0-2: Foul Ball, location: 2F
0-2: SINGLE (Groundball, 56S) (infield hit)
Batting: RHB Greg Handrahan 0-0: Called Strike
0-1: Ball
1-1: Foul Ball, location: 2F
1-2: Foul Ball, location: 2F
1-2: Ball
2-2: SINGLE (Groundball, 56S) (infield hit)
Jeff Townsley to second
Batting: LHB Jorge Martínez 0-0: Ball
1-0: Swinging Strike
1-1: Ball
2-1: Foul Ball, location: 2F
2-2: Ball
3-2: Ground out 6-3 (Groundball, 6)
Jeff Townsley to third
Greg Handrahan to second
Batting: LHB John Hudson 0-0: Ball
1-0: Foul Ball, location: 2F
1-1: Ball
2-1: Ball
3-1: Base on Balls
Batting: RHB Donald Sanford 0-0: Called Strike
0-1: Foul Ball, location: 2F
0-2: Fly out, F5 (Popup, 56)
Batting: RHB Diego Rivera 0-0: Ball
1-0: Called Strike
1-1: Ball
2-1: Ball
3-1: Swinging Strike
3-2: SINGLE (Flyball, 89M)
Jeff Townsley scores
Greg Handrahan to third
John Hudson to second
Greg Handrahan scores
John Hudson to third
Batting: RHB Dan Banks 0-0: SINGLE (Line Drive, 4M)
John Hudson scores
Diego Rivera to second
Runner from 2nd tries for 3rd, SAFE after rundown.
Batting: RHB Kolomon Meise 0-0: Swinging Strike
0-1: Ball
1-1: Ground out U3 (Groundball, 3)
Top of the 1st over - 3 runs, 4 hits, 0 errors, 2 left on base; Allentown 3 - Indiana 0
BOTTOM OF THE 1ST
Indiana Hounds batting - Pitching for Allentown Hillbillies : RHP Carlos García
Pitching: RHP Carlos García
Batting: RHB Octávio Zúñiga 0-0: Ball
1-0: Ground out 5-3 (Groundball, 2L)
Batting: RHB Remi Eruzione 0-0: Ball
1-0: Called Strike
1-1: Foul Ball, location: 2F
1-2: SINGLE (Line Drive, 4D)
Batting: RHB Juan Jose Guevana 0-0: Ball
1-0: Foul Ball, location: 2F
1-1: Ball
2-1: Ball
3-1: Foul Ball, location: 2F
3-2: Base on Balls
Remi Eruzione to second
Batting: LHB Jim Clemente 0-0: Ball
1-0: Called Strike
1-1: Swinging Strike
1-2: Foul Ball, location: 2F
1-2: Ball
2-2: Foul Ball, location: 2F
2-2: Strikes out swinging
Batting: LHB Pepe Vázquez 0-0: Called Strike
0-1: Called Strike
0-2: Strikes out swinging
Bottom of the 1st over - 0 runs, 1 hit, 0 errors, 2 left on base; Allentown 3 - Indiana 0
TOP OF THE 2ND
Allentown Hillbillies batting - Pitching for Indiana Hounds : RHP Rob Hill
Batting: RHB António Yánez 0-0: Ball
1-0: Ball
2-0: Fly out, F9 (Line Drive, 89S)
Batting: RHB Jeff Townsley 0-0: Called Strike
0-1: Called Strike
0-2: Ball
1-2: Ball
2-2: Foul Ball, location: 2F
2-2: Foul Ball, location: 2F
2-2: Ball
3-2: Foul Ball, location: 2F
3-2: Foul Ball, location: 2F
3-2: Ground out 6-3 (Groundball, 6)
Batting: RHB Greg Handrahan 0-0: Called Strike
0-1: Foul Ball, location: 2F
0-2: Ball
1-2: Ground out 5-3 (Groundball, 5)
Top of the 2nd over - 0 runs, 0 hits, 0 errors, 0 left on base; Allentown 3 - Indiana 0
BOTTOM OF THE 2ND
Indiana Hounds batting - Pitching for Allentown Hillbillies : RHP Carlos García
Batting: RHB Víctor Márquez 0-0: Foul Ball, location: 2F
0-1: Ball
1-1: Ball
2-1: Foul Ball, location: 2F
2-2: Foul Ball, location: 2F
2-2: Foul Ball, location: 2F
2-2: Foul Ball, location: 2F
2-2: Ball
3-2: Foul Ball, location: 2F
3-2: Foul Ball, location: 2F
3-2: Base on Balls
Batting: LHB Mario Álvarez 0-0: Ball
1-0: Ball
2-0: Called Strike
2-1: SINGLE (Groundball, 4D)
Víctor Márquez to second
Batting: RHB Bob Lazzeri 0-0: Ball
1-0: Swinging Strike
1-1: Ball
2-1: Ball
3-1: Foul Ball, location: 2F
3-2: Foul Ball, location: 2F
3-2: Strikes out looking
Batting: RHB Lewis Childress 0-0: Called Strike
0-1: Ball
1-1: Foul Ball, location: 2F
1-2: Fielders Choice at 2nd, 5-4 (Groundball, 5)
Víctor Márquez to third
Batting: RHB Octávio Zúñiga 0-0: Called Strike
0-1: Called Strike
0-2: Ball
1-2: Ball
2-2: Foul Ball, location: 2F
2-2: Fly out, F9 (Flyball, 9)
Bottom of the 2nd over - 0 runs, 1 hit, 0 errors, 2 left on base; Allentown 3 - Indiana 0
TOP OF THE 3RD
Allentown Hillbillies batting - Pitching for Indiana Hounds : RHP Rob Hill
Batting: LHB Jorge Martínez 0-0: Ball
1-0: Called Strike
1-1: Ball
2-1: Ball
3-1: Called Strike
3-2: Reached on error, E6 (Groundball, 6)
Batting: LHB John Hudson 0-0: Swinging Strike
0-1: Ball
1-1: Ball
2-1: Ball
3-1: Foul Ball, location: 2F
3-2: Base on Balls
Batting: RHB Donald Sanford 0-0: Called Strike
0-1: Called Strike
0-2: Foul Ball, location: 2F
0-2: Fly out, F5 (Popup, 5SF)
Batting: RHB Diego Rivera 0-0: Ball
1-0: Called Strike
1-1: Called Strike
1-2: Foul Ball, location: 2F
1-2: Foul Ball, location: 2F
1-2: Ball
2-2: SINGLE (Line Drive, 7LS)
Jorge Martínez to third
John Hudson to second
Runner from 3rd tries for Home, SAFE, no throw
Batting: RHB Dan Banks 0-0: Ball
1-0: Foul Ball, location: 2F
Balk!
John Hudson to third
Diego Rivera to second
1-1: Foul Ball, location: 2F
1-2: DOUBLE (Line Drive, 89D)
John Hudson scores
Diego Rivera scores
Batting: RHB Kolomon Meise 0-0: Ball
Throwing error on steal attempt, E2
Dan Banks scores
1-0: SOLO HOME RUN (Flyball, 9LD), Distance : 317 ft
Batting: RHB António Yánez 0-0: Ball
1-0: Foul Ball, location: 2F
1-1: Foul Ball, location: 2F
1-2: Ball
2-2: Foul Ball, location: 2F
2-2: Strikes out swinging
Batting: RHB Jeff Townsley 0-0: Ball
1-0: Ball
2-0: Ball
3-0: Called Strike
3-1: Foul Ball, location: 2F
3-2: DOUBLE (Groundball, 5L)
Batting: RHB Greg Handrahan 0-0: Foul Ball, location: 2F
0-1: Foul Ball, location: 2F
0-2: Strikes out swinging
Top of the 3rd over - 5 runs, 4 hits, 2 errors, 1 left on base; Allentown 8 - Indiana 0
BOTTOM OF THE 3RD
Indiana Hounds batting - Pitching for Allentown Hillbillies : RHP Carlos García
Batting: RHB Remi Eruzione 0-0: Ball
1-0: Foul Ball, location: 2F
1-1: Fly out, F8 (Flyball, 8LM)
Batting: RHB Juan Jose Guevana 0-0: Ball
1-0: Ball
2-0: Ground out 5-3 (Groundball, 56S)
Batting: LHB Jim Clemente 0-0: Ball
1-0: Ball
2-0: Ball
3-0: Base on Balls
Batting: LHB Pepe Vázquez 0-0: Called Strike
0-1: Called Strike
0-2: Ground out 6-3 (Groundball, 6S)
Bottom of the 3rd over - 0 runs, 0 hits, 0 errors, 1 left on base; Allentown 8 - Indiana 0
TOP OF THE 4TH
Allentown Hillbillies batting - Pitching for Indiana Hounds : RHP Rob Hill
Batting: LHB Jorge Martínez 0-0: Foul Ball, location: 2F
0-1: Ball
1-1: Called Strike
1-2: Ball
2-2: Foul Ball, location: 2F
2-2: Ball
3-2: Strikes out looking
Batting: LHB John Hudson 0-0: Foul Ball, location: 2F
0-1: Ball
1-1: Called Strike
1-2: Strikes out swinging
Batting: RHB Donald Sanford 0-0: Ball
1-0: Ball
2-0: Foul Ball, location: 2F
2-1: Swinging Strike
2-2: Strikes out looking
Top of the 4th over - 0 runs, 0 hits, 0 errors, 0 left on base; Allentown 8 - Indiana 0
BOTTOM OF THE 4TH
Indiana Hounds batting - Pitching for Allentown Hillbillies : RHP Carlos García
Batting: RHB Víctor Márquez 0-0: Ball
1-0: Ball
2-0: Foul Ball, location: 2F
2-1: Ball
3-1: Foul Ball, location: 2F
3-2: Ground out 5-3 (Groundball, 56)
Batting: LHB Mario Álvarez 0-0: Ball
1-0: Ball
2-0: Foul Ball, location: 2F
2-1: Fly out, F7 (Flyball, 7D)
Batting: RHB Bob Lazzeri 0-0: Ball
1-0: Called Strike
1-1: Ground out 4-3 (Groundball, 4)
Bottom of the 4th over - 0 runs, 0 hits, 0 errors, 0 left on base; Allentown 8 - Indiana 0
TOP OF THE 5TH
Allentown Hillbillies batting - Pitching for Indiana Hounds : RHP Rob Hill
Batting: RHB Diego Rivera 0-0: Foul Ball, location: 2F
0-1: SINGLE (Groundball, 6MD)
Pitching: RHP Shannon Wallace
Batting: RHB Dan Banks 0-0: Swinging Strike
0-1: SINGLE (Line Drive, 6MD)
Diego Rivera to second
Batting: RHB Kolomon Meise 0-0: Ball
1-0: Ball
2-0: Ball
3-0: Base on Balls
Diego Rivera to third
Dan Banks to second
Batting: RHB António Yánez 0-0: Ball
1-0: Ball
2-0: Fielders Choice at 2nd, 3-6 (Groundball, 3)
Diego Rivera scores
Dan Banks to third
Batting: RHB Jeff Townsley 0-0: Ball
António Yánez steals 2nd base
1-0: Swinging Strike
1-1: Swinging Strike
1-2: Strikes out swinging
Batting: RHB Greg Handrahan 0-0: Called Strike
0-1: Ball
1-1: SINGLE (Flyball, 9S)
Dan Banks scores
António Yánez to third
Batting: LHB Jorge Martínez 0-0: Ball
1-0: Ball
Greg Handrahan is caught stealing 2nd base
Top of the 5th over - 2 runs, 3 hits, 0 errors, 1 left on base; Allentown 10 - Indiana 0
BOTTOM OF THE 5TH
Indiana Hounds batting - Pitching for Allentown Hillbillies : RHP Carlos García
Batting: RHB Lewis Childress 0-0: Ball
1-0: Foul Ball, location: 2F
1-1: Ground out 5-3 (Groundball, 5)
Batting: RHB Octávio Zúñiga 0-0: Ball
1-0: Foul Ball, location: 2F
1-1: Ball
2-1: Foul Ball, location: 2F
2-2: Ball
3-2: Ground out U3 (Groundball, 34S)
Batting: RHB Remi Eruzione 0-0: Called Strike
0-1: Ball
1-1: Ball
2-1: Called Strike
2-2: Ball
3-2: SINGLE (Groundball, 6D)
Batting: RHB Juan Jose Guevana 0-0: Called Strike
Remi Eruzione steals 2nd base
0-1: Ball
1-1: Foul Ball, location: 2F
1-2: Ball
2-2: Ground out 5-3 (Groundball, 56)
Bottom of the 5th over - 0 runs, 1 hit, 0 errors, 1 left on base; Allentown 10 - Indiana 0
TOP OF THE 6TH
Allentown Hillbillies batting - Pitching for Indiana Hounds : RHP Shannon Wallace
Batting: LHB Jorge Martínez 0-0: Foul Ball, location: 2F
0-1: Called Strike
0-2: Foul Ball, location: 2F
0-2: Ball
1-2: Ground out 5-3 (Groundball, 5)
Batting: LHB John Hudson 0-0: Called Strike
0-1: Ball
1-1: Ground out U3 (Groundball, 34)
Batting: RHB Donald Sanford 0-0: Ball
1-0: Called Strike
1-1: Reached on error, E4 (Line Drive, 4)
Batting: RHB Diego Rivera 0-0: Called Strike
0-1: Swinging Strike
0-2: Ball
1-2: Foul Ball, location: 2F
1-2: Ball
2-2: Ball
3-2: Foul Ball, location: 2F
3-2: Base on Balls
Donald Sanford to second
Batting: RHB Dan Banks 0-0: Ball
1-0: Ball
2-0: Called Strike
2-1: Ball
3-1: SINGLE (Line Drive, 8LS)
Donald Sanford to third
Diego Rivera to second
Runner from 3rd tries for Home, SAFE, throw made home
Batting: RHB Kolomon Meise 0-0: Called Strike
0-1: Ball
1-1: Swinging Strike
1-2: Ball
2-2: Foul Ball, location: 2F
2-2: Ball
3-2: Strikes out swinging
Top of the 6th over - 1 run, 1 hit, 1 error, 2 left on base; Allentown 11 - Indiana 0
BOTTOM OF THE 6TH
Indiana Hounds batting - Pitching for Allentown Hillbillies : RHP Carlos García
Pinch Hitting: RHB Jessie Thompson 0-0: Ball
1-0: Called Strike
1-1: Ground out 6-3 (Groundball, 6)
Batting: LHB Pepe Vázquez 0-0: SINGLE (Flyball, 8RS)
Batting: RHB Víctor Márquez 0-0: Called Strike
0-1: Swinging Strike
0-2: Ball
1-2: Strikes out swinging
Batting: LHB Mario Álvarez 0-0: Ground out 4-3 (Groundball, 4)
Bottom of the 6th over - 0 runs, 1 hit, 0 errors, 1 left on base; Allentown 11 - Indiana 0
TOP OF THE 7TH
Allentown Hillbillies batting - Pitching for Indiana Hounds : RHP Shannon Wallace
Now in LF: Jessie Thompson
Batting: RHB António Yánez 0-0: Ground out U3 (Groundball, 34)
Batting: RHB Jeff Townsley 0-0: Called Strike
0-1: Foul Ball, location: 2F
0-2: Ball
1-2: Ball
2-2: Ball
3-2: Ground out 6-3 (Groundball, 6)
Batting: RHB Greg Handrahan 0-0: Called Strike
0-1: Called Strike
0-2: Ball
1-2: Strikes out looking
Top of the 7th over - 0 runs, 0 hits, 0 errors, 0 left on base; Allentown 11 - Indiana 0
BOTTOM OF THE 7TH
Indiana Hounds batting - Pitching for Allentown Hillbillies : RHP Carlos García
Batting: RHB Bob Lazzeri 0-0: SINGLE (Groundball, 6D)
Batting: RHB Lewis Childress 0-0: Ball
1-0: SINGLE (Groundball, 56) (infield hit)
Bob Lazzeri to second
Batting: RHB Octávio Zúñiga 0-0: Ball
1-0: Called Strike
1-1: Ball
2-1: Ball
3-1: Base on Balls
Bob Lazzeri to third
Lewis Childress to second
Batting: RHB Remi Eruzione 0-0: Ball
1-0: Ball
2-0: Swinging Strike
2-1: Reached on error, E8 (Flyball, 89M)
Bob Lazzeri scores
Lewis Childress to third
Octávio Zúñiga to second
Pitching: RHP Dale Downs
Batting: RHB Juan Jose Guevana 0-0: Ball
1-0: Called Strike
1-1: Ball
2-1: Swinging Strike
2-2: Strikes out swinging
Batting: RHB Jessie Thompson 0-0: Called Strike
0-1: Ball
1-1: Called Strike
1-2: Ground out U3 (Groundball, 34S)
Lewis Childress scores
Octávio Zúñiga to third
Remi Eruzione to second
Batting: LHB Pepe Vázquez 0-0: Ball
1-0: Swinging Strike
1-1: TRIPLE (Flyball, 89XD)
Octávio Zúñiga scores
Remi Eruzione scores
Batting: RHB Víctor Márquez 0-0: Called Strike
0-1: Fly out, F9 (Flyball, 9LM)
Bottom of the 7th over - 4 runs, 3 hits, 1 error, 1 left on base; Allentown 11 - Indiana 4
TOP OF THE 8TH
Allentown Hillbillies batting - Pitching for Indiana Hounds : RHP Shannon Wallace
Batting: LHB Jorge Martínez 0-0: Ball
1-0: Ball
2-0: Foul Ball, location: 2F
2-1: Foul Ball, location: 2F
2-2: Ground out U3 (Groundball, 34S)
Batting: LHB John Hudson 0-0: Ball
1-0: Called Strike
1-1: Foul Ball, location: 2F
1-2: Ball
2-2: Foul Ball, location: 2F
2-2: Foul Ball, location: 2F
2-2: Ball
3-2: Fly out, F6 (Popup, 56)
Batting: RHB Donald Sanford 0-0: Ball
1-0: Called Strike
1-1: Ball
2-1: Foul Ball, location: 2F
2-2: Foul Ball, location: 2F
2-2: Fly out, F9 (Flyball, 9LM)
Top of the 8th over - 0 runs, 0 hits, 0 errors, 0 left on base; Allentown 11 - Indiana 4
BOTTOM OF THE 8TH
Indiana Hounds batting - Pitching for Allentown Hillbillies : RHP Dale Downs
Batting: LHB Mario Álvarez 0-0: Foul Ball, location: 2F
0-1: Foul Ball, location: 2F
0-2: Ball
1-2: Strikes out swinging
Batting: RHB Bob Lazzeri 0-0: Foul Ball, location: 2F
0-1: Foul Ball, location: 2F
0-2: Ball
1-2: Foul Ball, location: 2F
1-2: Ball
2-2: DOUBLE (Line Drive, 78XD)
Batting: RHB Lewis Childress 0-0: Foul Ball, location: 2F
0-1: Ball
1-1: Ball
2-1: Foul Ball, location: 2F
2-2: Foul Ball, location: 2F
2-2: Strikes out looking
Batting: RHB Octávio Zúñiga 0-0: Called Strike
0-1: Ball
1-1: Called Strike
1-2: Ball
2-2: Ball
3-2: Base on Balls
Batting: RHB Remi Eruzione 0-0: Swinging Strike
0-1: Called Strike
0-2: Ball
1-2: Strikes out swinging
Bottom of the 8th over - 0 runs, 1 hit, 0 errors, 2 left on base; Allentown 11 - Indiana 4
TOP OF THE 9TH
Allentown Hillbillies batting - Pitching for Indiana Hounds : RHP Shannon Wallace
Pitching: LHP Edwin King
Batting: RHB Diego Rivera 0-0: Called Strike
0-1: SINGLE (Groundball, 4MD)
Batting: RHB Dan Banks 0-0: Foul Ball, location: 2F
0-1: DOUBLE (Line Drive, 89S)
Diego Rivera to third
Runner from 3rd tries for Home, SAFE, no throw
Batting: RHB Kolomon Meise 0-0: Called Strike
0-1: Called Strike
0-2: Fly out, F7 (Flyball, 78M)
Batting: RHB António Yánez 0-0: Called Strike
0-1: Foul Ball, location: 2F
0-2: 2-RUN HOME RUN (Flyball, 7LD), Distance : 307 ft
Batting: RHB Jeff Townsley 0-0: Ball
1-0: Ball
2-0: Foul Ball, location: 2F
2-1: Swinging Strike
2-2: Ball
3-2: Foul Ball, location: 2F
3-2: Base on Balls
Batting: RHB Greg Handrahan 0-0: Ball
1-0: Called Strike
1-1: Called Strike
1-2: Strikes out looking
Batting: LHB Jorge Martínez 0-0: Ball
1-0: Ball
2-0: Ball
3-0: Base on Balls
Jeff Townsley to second
Batting: LHB John Hudson 0-0: Called Strike
0-1: Swinging Strike
0-2: Foul Ball, location: 2F
0-2: Ball
Wild Pitch!
Jeff Townsley to third
Jorge Martínez to second
1-2: Ball
Wild Pitch!
Jeff Townsley scores
Jorge Martínez to third
2-2: Ball
3-2: Strikes out swinging
Top of the 9th over - 4 runs, 3 hits, 0 errors, 1 left on base; Allentown 15 - Indiana 4
BOTTOM OF THE 9TH
Indiana Hounds batting - Pitching for Allentown Hillbillies : RHP Dale Downs
Now at 1B: Carl Brown
Now in RF: António Salazar
Batting: RHB Juan Jose Guevana 0-0: Ball
1-0: Ball
2-0: Ball
3-0: Base on Balls
Batting: RHB Jessie Thompson 0-0: Foul Ball, location: 2F
0-1: Ball
1-1: Foul Ball, location: 2F
1-2: SINGLE (Groundball, 56D)
Juan Jose Guevana to second
Batting: LHB Pepe Vázquez 0-0: Ball
1-0: Ball
2-0: Ball
3-0: Base on Balls
Juan Jose Guevana to third
Jessie Thompson to second
Batting: RHB Víctor Márquez 0-0: Ball
1-0: Called Strike
1-1: Foul Ball, location: 2F
1-2: Ball
2-2: Ball
3-2: Base on Balls
Juan Jose Guevana scores
Jessie Thompson to third
Pepe Vázquez to second
Pitching: RHP Anthony O'Connor
Batting: LHB Mario Álvarez 0-0: Ball
1-0: Called Strike
1-1: Swinging Strike
1-2: Foul Ball, location: 2F
1-2: Strikes out swinging
Batting: RHB Bob Lazzeri 0-0: Foul Ball, location: 2F
0-1: Grounds into double play, 4-6-3 (Groundball, 4)
Bottom of the 9th over - 1 run, 1 hit, 0 errors, 2 left on base; Allentown 15 - Indiana 5
Saturday, December 16th, 2017 - OOTP Baseball 18.8 Build 76